 Dungeon Crawl Stone Soup version 0.24-a0-355-gbe4061de67 (webtiles) character file.

Game seed: 10909901220003959653

17928 night the Slinger (level 12, -7/92 HPs)
             Began as a Gnoll Transmuter on May 24, 2019.
             Was an Initiate of Gozag.
             Mangled by an eight-headed hydra (14 damage)
             ... on level 2 of the Lair of Beasts.
             The game lasted 00:53:58 (14346 turns).

night the Slinger (Gnoll Transmuter)               Turns: 14346, Time: 00:53:59

Health: -7/92      AC:  8    Str: 15    XL:     12   Next: 53%
Magic:  16/22      EV: 36    Int: 19    God:    Gozag
Gold:   270        SH:  0    Dex: 25    Spells: 1/28 levels left

rFire    . . .     SeeInvis .     - Unarmed
rCold    . . .     Gourm    .   (shield currently unavailable)
rNeg     . . .     Faith    .   (armour currently unavailable)
rPois    x         Spirit   .   (helmet currently unavailable)
rElec    .         Reflect  .   (cloak currently unavailable)
rCorr    .         Harm     .   (gloves currently unavailable)
MR       .....                  (boots currently unavailable)
Stlth    +++++.....             (no amulet)
HPRegen  0.25/turn              g - ring of wizardry
MPRegen  0.18/turn              L - +6 ring of protection

@: agile, spider-form, very slightly contaminated, studying Slings, invisible
A: tiny, distributed training, low mp 1, strong nose
a: End Transformation, Potion Petition, Call Merchant, Bribe Branch, Renounce
Religion


You were on level 2 of the Lair of Beasts.
You worshipped Gozag.
Gozag was aware of your devotion.
You were not hungry.
You were a venomous arachnid creature.
You visited 3 branches of the dungeon, and saw 13 of its levels.

You collected 2961 gold pieces.
You spent 1217 gold pieces at shops.
You paid 1474 gold pieces to Gozag.

Inventory:

Hand Weapons
 a - the +9 whip of the Trees (melded) {venom, +Rage rC+ rN+}
   (You found it on level 1 of the Lair of Beasts)

   It poisons the flesh of those it strikes.
   It protects you from cold.
   It protects you from negative energy.
   It lets you go berserk.
 k - a +3 dagger of venom
 M - the +1 hunting sling of Equivalence {freeze, Dex+6}
   (You bought it in a shop on level 6 of the Dungeon)

   It causes projectiles fired from it to freeze those they strike, causing
   extra injury to most foes and up to half again as much damage against
   particularly susceptible opponents.
   They can also slow down cold-blooded creatures.
   It affects your dexterity (+6).
 R - a +0 quarterstaff of speed
 S - a +2 antimagic lajatang
Missiles
 b - 74 sling bullets
 c - 406 stones
 j - 74 bolts
 p - 24 boomerangs (quivered)
 r - 34 poisoned darts
 y - 7 javelins
 U - 176 arrows
Armour
 v - a +0 helmet (melded)
 w - a +2 leather armour of poison resistance (melded)
 B - a +2 robe of magic resistance
 D - a +1 scale mail of magic resistance
 N - the +1 pair of boots "Cogy" {rPois rF++ MR+ Int-5}
   (You bought it in a shop on level 6 of the Dungeon)

   It affects your intelligence (-5).
   It greatly protects you from fire.
   It protects you from poison.
   It affects your resistance to hostile enchantments.
 V - the +3 warlock's mirror (melded) {reflect}
   (You found it on level 1 of the Lair of Beasts)
Jewellery
 g - a ring of wizardry (left front leg)
 h - an uncursed ring of protection from magic
 x - a +3 ring of protection
 L - a +6 ring of protection (right front leg)
Wands
 u - a wand of digging (9)
 C - a wand of iceblast (15)
 E - a wand of acid (10)
 H - a wand of disintegration (9)
 K - a wand of enslavement (9)
 P - a wand of polymorph (5)
 Q - a wand of scattershot (7)
 T - a wand of random effects (17)
Scrolls
 m - a scroll of remove curse
 A - 2 scrolls of blinking
 F - 3 scrolls of teleportation
 I - a scroll of fog
 J - 2 scrolls of enchant weapon
 O - 2 scrolls of identify
Potions
 e - a potion of cancellation
 f - 3 potions of flight
 i - 2 potions of heal wounds
 l - 6 potions of lignification
 o - a potion of resistance
 q - 2 potions of magic
 s - a potion of haste
 t - 3 potions of curing
 z - 3 potions of might
 G - 2 potions of mutation {unknown}
Books
 n - a manual of Slings
Comestibles
 d - 13 rations


   Skills:
 + Level 7.7 Fighting
 + Level 7.2 Short Blades
 + Level 7.2 Long Blades
 + Level 7.2 Axes
 + Level 7.2 Maces & Flails
 + Level 7.2 Polearms
 + Level 7.2 Staves
 + Level 10.2 Slings
 + Level 7.2 Bows
 + Level 7.2 Crossbows
 + Level 7.2 Throwing
 + Level 7.2 Armour
 + Level 8.6 Dodging
 + Level 7.2 Stealth
 + Level 7.2 Shields
 + Level 9.8 Unarmed Combat
 + Level 8.9 Spellcasting
 + Level 6.0 Conjurations
 + Level 6.0 Hexes
 + Level 6.0 Charms
 + Level 6.0 Summonings
 + Level 6.0 Necromancy
 + Level 6.0 Translocations
 + Level 7.2 Transmutations
 + Level 6.0 Fire Magic
 + Level 6.0 Ice Magic
 + Level 6.0 Air Magic
 + Level 6.0 Earth Magic
 + Level 6.0 Poison Magic
 + Level 7.9 Invocations
 + Level 7.2 Evocations


You had one spell level left.
You knew the following spells:

 Your Spells              Type           Power        Failure   Level  Hunger
a - Beastly Appendage     Tmut           #####.       1%          1    None
b - Spider Form           Tmut/Pois      ####......   2%          3    None
c - Ice Form              Ice/Tmut       ####....     6%          4    ###....
d - Blade Hands           Tmut           #####.....   12%         5    #####..
e - Sticks to Snakes      Tmut           #####...     1%          2    None
f - Conjure Flame         Conj/Fire      ####....     3%          3    None
g - Mephitic Cloud        Conj/Pois/Air  ####....     3%          3    None
h - Fireball              Conj/Fire      ####......   16%         5    #####..
i - Confusing Touch       Hex            ####..       1%          1    None

Your spell library contained the following spells:

 Spells                   Type           Power        Failure   Level  Hunger
 Flame Tongue             Conj/Fire      ####.        1%          1    None
 Infusion                 Chrm           ####         1%          1    None
 Magic Dart               Conj           ####         1%          1    None
 Blink                    Tloc           N/A          2%          2    None
 Call Imp                 Summ           ####....     2%          2    None
 Shroud of Golubria       Chrm/Tloc      ####......   2%          2    None
 Slow                     Hex            ####....     2%          2    None
 Song of Slaying          Chrm           ####....     2%          2    None
 Throw Flame              Conj/Fire      ####..       2%          2    None
 Confuse                  Hex            ####....     3%          3    None
 Gell's Gravitas          Tloc           ####......   3%          3    None
 Inner Flame              Hex/Fire       ####....     3%          3    None
 Regeneration             Chrm/Necr      ####......   3%          3    None
 Spectral Weapon          Hex/Chrm       ####....     3%          3    None
 Petrify                  Tmut/Erth      ####....     6%          4    ###....
 Sticky Flame             Conj/Fire      ####....     8%          4    ###....
 Yara's Violent Unravell  Hex/Tmut       ####......   14%         5    #####..
 Metabolic Englaciation   Hex/Ice        ####......   16%         5    #####..


Dungeon Overview and Level Annotations

Branches:
Dungeon (10/15)            Temple (1/1) D:5            Lair (2/6) D:10
    Orc (0/2) D:9
  Swamp: Lair:2-4    Shoals: Lair:2-4     Snake: Lair:2-4    Spider: Lair:2-4

Altars:
Ashenzari
Cheibriados
Dithmenos
Elyvilon
Fedhas
Gozag
Hepliaklqana
Kikubaaqudgha
Makhleb
Nemelex Xobeh
Okawaru
Qazlal
Ru
Sif Muna
Trog
Uskayaw
Vehumet
Wu Jian
Xom
Yredelemnul
Zin
The Shining One
Beogh

Shops:
D:6 *   Lair:1 *


Innate Abilities, Weirdness & Mutations

Your experience applies equally to all skills.
((You have very sharp teeth.))
Your uncanny sense of smell can sniff out nearby items.
Your magical capacity is low. (-10% MP)


Message History

You are very lightly contaminated with residual magic.
You catch the helpless eight-headed hydra completely off-guard!
You bite the eight-headed hydra!
The eight-headed hydra is severely wounded.
The eight-headed hydra completely misses you. x2
The eight-headed hydra bites you.
* * * LOW HITPOINT WARNING * * *
The eight-headed hydra barely misses you.
The eight-headed hydra bites you but does no damage.
The eight-headed hydra completely misses you.
The eight-headed hydra closely misses you.
The eight-headed hydra completely misses you.
You hit the eight-headed hydra.
The eight-headed hydra is severely wounded.
The eight-headed hydra closely misses you.
The eight-headed hydra bites you but does no damage.
The eight-headed hydra completely misses you. x2
The eight-headed hydra bites you!
You die...
Your body crumbles into a pile of gold.

. #......
.......#####......#
#......#.#.........
#..................
.................
.P.>..#.........
#...##.<...##
#.D##......#
#.s#.....###
##.......#
#..........
#P..........
#.........##
...##.....# ..#..
#.#.#. ..#### #.##
#. .P


You could see an eight-headed hydra.

Vanquished Creatures
  Erolcha (D:10)
  A hydra (Lair:1)
  A death yak (Lair:1)
  A two-headed ogre (D:8)
  Pikel (D:6)
  The ghost of Borgoz the Slasher, a novice HOGl of Ashenzari (D:7)
  A manticore (D:8)
  4 spiny frogs (Lair:1)
  A troll (D:10)
  A komodo dragon (Lair:1)
  A queen bee (D:9)
  4 blink frogs (Lair:1)
  A hippogriff (Lair:1)
  Grinder (D:4)
  Sigmund (D:5)
  A spriggan (Lair:1)
  A wyvern (D:6)
  Eustachio (D:6)
  3 hogs (D:8)
  A human (D:8)
  20 yaks
  A hungry ghost (D:8)
  Menkaure (D:6)
  Duvessa (D:6)
  An ice beast (D:6)
  4 porcupines
  A sky beast (D:5)
  A black bear (D:6)
  7 orc warriors
  3 phantoms
  A slave (D:6)
  2 centaurs
  8 ogres
  5 crocodiles
  A big kobold (D:10)
  6 bullfrogs
  A wyvern skeleton (D:7)
  Dowan (D:6)
  8 scorpions
  17 killer bees
  8 wights
  4 howler monkeys
  2 crimson imps
  2 centaur zombies (D:9)
  A jelly (D:10)
  6 hounds
  21 orc wizards
  10 orc priests
  A bullfrog skeleton (D:4)
  A centaur skeleton (D:4)
  2 iguanas
  7 worker ants
  A hound skeleton (D:10)
  A worker ant zombie (D:6)
  13 adders
  2 shadow imps
  2 oozes
  2 adder zombies
  2 adder skeletons
  8 worms
  A dart slug (D:2)
  5 leopard geckos
  65 orcs
  2 ball pythons
  3 bats
  4 giant cockroaches
  7 hobgoblins
  16 jackals
  7 kobolds
  3 quokkas
  4 frilled lizards
  8 goblins
  A leopard gecko zombie (D:7)
  A quokka zombie (D:6)
  6 rats
347 creatures vanquished.

Vanquished Creatures (others)
  2 slaves (D:6)
  An iguana (D:6)
  3 orcs (D:6)
  A jackal (D:6)
  3 plants
10 creatures vanquished.

Grand Total: 357 creatures vanquished

Notes
Turn   | Place    | Note
-------+----------+-------------------------------------------
     0 | D:1      | night the Gnoll Transmuter began the quest for the Orb.
     0 | D:1      | Reached XP level 1. HP: 17/17 MP: 6/6
   130 | D:1      | Reached XP level 2. HP: 23/23 MP: 7/7
  1034 | D:1      | Reached skill level 5 in Spellcasting
  1034 | D:1      | Reached XP level 3. HP: 10/28 MP: 6/9
  1316 | D:1      | Learned a level 2 spell: Sticks to Snakes
  1320 | D:2      | You fall into a shaft and drop 2 floors!
  1339 | D:4      | Reached skill level 1 in Invocations
  1544 | D:4      | Learned a level 3 spell: Spider Form
  1550 | D:4      | Reached skill level 1 in Short Blades
  1550 | D:4      | Reached skill level 1 in Long Blades
  1550 | D:4      | Reached skill level 1 in Axes
  1550 | D:4      | Reached skill level 1 in Maces & Flails
  1550 | D:4      | Reached skill level 1 in Polearms
  1550 | D:4      | Reached skill level 1 in Staves
  1550 | D:4      | Reached skill level 1 in Slings
  1550 | D:4      | Reached skill level 1 in Bows
  1550 | D:4      | Reached skill level 1 in Crossbows
  1550 | D:4      | Reached skill level 1 in Throwing
  1550 | D:4      | Reached skill level 1 in Armour
  1550 | D:4      | Reached skill level 1 in Stealth
  1550 | D:4      | Reached skill level 1 in Shields
  1550 | D:4      | Reached skill level 1 in Evocations
  1550 | D:4      | Reached XP level 4. HP: 32/34 MP: 7/11
  1606 | D:4      | Reached skill level 1 in Conjurations
  1606 | D:4      | Reached skill level 1 in Hexes
  1606 | D:4      | Reached skill level 1 in Charms
  1606 | D:4      | Reached skill level 1 in Summonings
  1606 | D:4      | Reached skill level 1 in Necromancy
  1606 | D:4      | Reached skill level 1 in Translocations
  1606 | D:4      | Reached skill level 1 in Fire Magic
  1606 | D:4      | Reached skill level 1 in Ice Magic
  1606 | D:4      | Reached skill level 1 in Air Magic
  1606 | D:4      | Reached skill level 1 in Earth Magic
  1606 | D:4      | Reached skill level 1 in Poison Magic
  1622 | D:4      | Reached XP level 5. HP: 40/40 MP: 7/12
  1639 | D:4      | Learned a level 5 spell: Blade Hands
  1737 | D:2      | Found an ancient bone altar of Kikubaaqudgha.
  1945 | D:2      | Found a white marble altar of Elyvilon.
  1980 | D:2      | Reached skill level 2 in Slings
  2189 | D:3      | Reached XP level 6. HP: 47/47 MP: 13/13
  2195 | D:3      | Learned a level 4 spell: Ice Form
  2384 | D:3      | Reached skill level 5 in Dodging
  2618 | D:3      | Found an opulent altar of Gozag.
  2619 | D:3      | Found a sparkling altar of Nemelex Xobeh.
  2626 | D:3      | Became a worshipper of Gozag Ym Sagoz the Greedy
  3382 | D:4      | Noticed Grinder
  3388 | D:4      | Reached XP level 7. HP: 39/52 MP: 15/15
  3394 | D:4      | Paralysed by Grinder for 4 turns
  3428 | D:4      | Killed Grinder
  3428 | D:4      | Reached skill level 3 in Slings
  3865 | D:5      | Entered Level 5 of the Dungeon
  3931 | D:5      | Found an iron altar of Okawaru.
  4048 | D:5      | Found a bloodstained altar of Trog.
  4103 | D:5      | Found a hazy altar of Hepliaklqana.
  4119 | D:5      | Found a staircase to the Ecumenical Temple.
  4163 | Temple   | Entered the Ecumenical Temple
  4363 | D:5      | Found a hide-covered altar of Uskayaw.
  4390 | D:5      | Noticed Sigmund
  4396 | D:5      | Killed Sigmund
  4396 | D:5      | Reached skill level 4 in Slings
  4396 | D:5      | Reached XP level 8. HP: 60/60 MP: 16/16
  5221 | D:6      | Reached skill level 5 in Slings
  5260 | D:6      | Noticed a wyvern
  5268 | D:6      | Killed a wyvern
  5268 | D:6      | Reached skill level 5 in Transmutations
  5268 | D:6      | Reached XP level 9. HP: 30/66 MP: 14/18
  5534 | D:6      | Noticed Pikel
  5560 | D:6      | Killed Pikel
  5560 | D:6      | Reached skill level 5 in Fighting
  5734 | D:6      | Found a bloodstained altar of Trog.
  5992 | D:6      | Reached skill level 6 in Slings
  6093 | D:6      | Noticed Duvessa
  6098 | D:6      | Noticed Dowan
  6106 | D:6      | Killed Dowan
  6113 | D:6      | Killed Duvessa
  6505 | D:6      | Noticed Menkaure
  6506 | D:6      | Reached skill level 5 in Invocations
  6679 | D:6      | Killed Menkaure
  7153 | D:6      | Found a shadowy altar of Dithmenos.
  7274 | D:6      | Reached XP level 10. HP: 74/74 MP: 17/20
  7622 | D:7      | Found a runed translucent door.
  7622 | D:7      | Noticed Borgoz's ghost (novice HOGl)
  7633 | D:7      | Killed Borgoz's ghost
  7727 | D:7      | Reached skill level 7 in Slings
  7779 | D:7      | Reached skill level 5 in Short Blades
  7779 | D:7      | Reached skill level 5 in Long Blades
  7779 | D:7      | Reached skill level 5 in Axes
  7779 | D:7      | Reached skill level 5 in Maces & Flails
  7779 | D:7      | Reached skill level 5 in Polearms
  7779 | D:7      | Reached skill level 5 in Staves
  7779 | D:7      | Reached skill level 5 in Bows
  7779 | D:7      | Reached skill level 5 in Crossbows
  7779 | D:7      | Reached skill level 5 in Throwing
  7779 | D:7      | Reached skill level 5 in Armour
  7779 | D:7      | Reached skill level 5 in Stealth
  7779 | D:7      | Reached skill level 5 in Shields
  7779 | D:7      | Reached skill level 5 in Evocations
  7965 | D:7      | Found a sacrificial altar of Ru.
  8455 | D:8      | Noticed a manticore
  8463 | D:8      | Killed a manticore
  8726 | D:8      | Paralysed by an orc wizard for 3 turns
  8890 | D:8      | Found a radiant altar of Vehumet.
  8993 | D:8      | Found a stormy altar of Qazlal.
  9380 | D:8      | Reached skill level 8 in Slings
  9425 | D:8      | Found a basalt altar of Yredelemnul.
  9595 | D:8      | Found a glowing golden altar of the Shining One.
  9598 | D:8      | Noticed an angel
  9715 | D:8      | Reached XP level 11. HP: 65/82 MP: 16/22
  9893 | D:8      | Noticed a two-headed ogre
  9918 | D:8      | Killed a two-headed ogre
  9964 | D:8      | Found a hazy altar of Hepliaklqana.
 10086 | D:6      | Bought a translucent hunting sling for 201 gold pieces
 10086 | D:6      | Bought a pair of fine boots for 294 gold pieces
 10087 | D:6      | Identified the +1 hunting sling of Equivalence {freeze,
                  | Dex+6} (You bought it in a shop on level 6 of the Dungeon)
 10093 | D:6      | Identified the +1 pair of boots "Cogy" {rPois rF++ MR+
                  | Int-5} (You bought it in a shop on level 6 of the Dungeon)
 10150 | D:6      | Noticed Eustachio
 10174 | D:6      | Killed Eustachio
 10305 | D:9      | Found a roughly hewn altar of Beogh.
 10320 | D:9      | Reached skill level 5 in Conjurations
 10320 | D:9      | Reached skill level 5 in Hexes
 10320 | D:9      | Reached skill level 5 in Charms
 10320 | D:9      | Reached skill level 5 in Summonings
 10320 | D:9      | Reached skill level 5 in Necromancy
 10320 | D:9      | Reached skill level 5 in Translocations
 10320 | D:9      | Reached skill level 5 in Fire Magic
 10320 | D:9      | Reached skill level 5 in Ice Magic
 10320 | D:9      | Reached skill level 5 in Air Magic
 10320 | D:9      | Reached skill level 5 in Earth Magic
 10320 | D:9      | Reached skill level 5 in Poison Magic
 10437 | D:9      | Found a staircase to the Orcish Mines.
 11203 | D:10     | Entered Level 10 of the Dungeon
 11393 | D:9      | Learned a level 3 spell: Conjure Flame
 11397 | D:9      | Learned a level 3 spell: Mephitic Cloud
 11403 | D:9      | Learned a level 5 spell: Fireball
 11427 | D:10     | Reached skill level 9 in Slings
 11476 | D:10     | Found a staircase to the Lair.
 11619 | D:10     | Noticed Erolcha
 11741 | D:10     | Killed Erolcha
 11979 | D:10     | Reached XP level 12. HP: 53/91 MP: 16/24
 12301 | D:10     | Learned a level 1 spell: Confusing Touch
 12580 | Lair:1   | Entered Level 1 of the Lair of Beasts
 12792 | Lair:1   | Noticed a four-headed hydra
 12809 | Lair:1   | Killed a four-headed hydra
 13085 | Lair:1   | Bought a brightly glowing lajatang for 380 gold pieces
 13085 | Lair:1   | Identified the cursed +0 lajatang of the Rat {drain,
                  | *Contam rElec rPois rN+ Int-5} (You bought it in a shop on
                  | level 1 of the Lair of Beasts)
 13088 | Lair:1   | Bought a glowing lajatang for 342 gold pieces
 13142 | Lair:1   | Gained mutation: Your magical capacity is low. (-10% MP)
                  | [mutagenic glow]
 13352 | Lair:1   | Got a dazzling whip
 13353 | Lair:1   | Identified the +9 whip of the Trees {venom, +Rage rC+ rN+}
                  | (You found it on level 1 of the Lair of Beasts)
 13582 | Lair:1   | Reached skill level 10 in Slings
 13966 | Lair:1   | Noticed a death yak
 13967 | Lair:1   | Found the +3 warlock's mirror {reflect}
 14016 | Lair:1   | Killed a death yak
 14334 | Lair:2   | Noticed an eight-headed hydra
 14346 | Lair:2   | Mangled by an eight-headed hydra

Levels and vault maps discovered:
D:1:      dpeg_arrival_rhombus, layout_loops_corners, roderic_roman_lattice
D:2:      layout_rooms, kiku_gazebo_garden_becter,
          nicolae_overflow_crystal_walls
D:3:      layout_loops_ring, grunt_temple_overflow_opulence,
          hangedman_decor_growths, wad_rectangle_vault
D:4:      layout_cave_pools, first_ration, minmay_manual_moon, uniq_grinder
D:5:      layout_basic, eat_drink_and_be_merry_uskayaw, lemuel_doored_altar,
          minmay_temple_entry_arrows, basic_altar, trog_three_pillars_becter,
          uniq_sigmund
D:6:      layout_loops_ring, grunt_dithmenos_shadows, old_standard_altar,
          cheibrodos_sewer_entry_bend, uniq_pikel, uniq_eustachio, uniq_duvessa,
          uniq_menkaure
D:7:      layout_rooms, nicolae_ru_sacrificial_ziggurat,
          ebering_ghost_inner_flame
D:8:      layout_loops_ring, grunt_temple_overflow_holy_war, old_standard_altar,
          lemuel_coloured_pillars_altar, grunt_livestock, grunt_qazlal_sundering
D:9:      layout_roguey [special_room_orc], orc_0_dummy,
          nicolae_looking_at_the_future
D:10:     layout_basic, minmay_lair_entry_grove, hangedman_decor_opposing,
          st_stairs_14, serial_park_tiny_2, uniq_erolcha
Temple:   jpeg_temple_island
Lair:1:   layout_small_grid, chequers_serial_rivers_small_a,
          grunt_forest_large_clearing_hut
Lair:2:   layout_layer_cave

Skill      XL: |  1  2  3  4  5  6  7  8  9 10 11 12 |
---------------+-------------------------------------+-----
Spellcasting   | 5 6 7 8 |  8.9
Invocations    | 1 2 3 4 5 6 7 |  7.9
Short Blades   | 1 2 3 4 5 6 7 |  7.2
Long Blades    | 1 2 3 4 5 6 7 |  7.2
Axes           | 1 2 3 4 5 6 7 |  7.2
Maces & Flails | 1 2 3 4 5 6 7 |  7.2
Polearms       | 1 2 3 4 5 6 7 |  7.2
Staves         | 1 2 3 4 5 6 7 |  7.2
Slings         | 1 2 4 5 6 8 9 10 | 10.2
Bows           | 1 2 3 4 5 6 7 |  7.2
Crossbows      | 1 2 3 4 5 6 7 |  7.2
Throwing       | 1 2 3 4 5 6 7 |  7.2
Armour         | 1 2 3 4 5 6 7 |  7.2
Stealth        | 1 2 3 4 5 6 7 |  7.2
Shields        | 1 2 3 4 5 6 7 |  7.2
Evocations     | 1 2 3 4 5 6 7 |  7.2
Conjurations   | 1 2 3 4 5 6 |  6.0
Hexes          | 1 2 3 4 5 6 |  6.0
Charms         | 1 2 3 4 5 6 |  6.0
Summonings     | 1 2 3 4 5 6 |  6.0
Necromancy     | 1 2 3 4 5 6 |  6.0
Translocations | 1 2 3 4 5 6 |  6.0
Fire Magic     | 1 2 3 4 5 6 |  6.0
Ice Magic      | 1 2 3 4 5 6 |  6.0
Air Magic      | 1 2 3 4 5 6 |  6.0
Earth Magic    | 1 2 3 4 5 6 |  6.0
Poison Magic   | 1 2 3 4 5 6 |  6.0
Fighting       | 3 4 5 6 7 |  7.7
Transmutations | 4 5 6 7 |  7.2
Dodging        | 5 6 7 8 |  8.6
Unarmed Combat | 7 8 9 |  9.8

Action                   |  1- 3 |  4- 6 |  7- 9 | 10-12 || total
-------------------------+-------+-------+-------+-------++-------
Melee: Unarmed           |    73 |   157 |   253 |   597 ||  1080
       Bite              |     3 |    10 |    14 |    40 ||    67
       Headbutt          |     2 |       |       |       ||     2
       Kick              |     1 |       |     9 |     2 ||    12
       Punch             |       |     1 |     4 |    19 ||    24
       Whip              |       |       |       |    14 ||    14
 Fire: Hunting sling     |       |       |       |    25 ||    25
Throw: Boomerang         |       |       |    13 |    17 ||    30
 Cast: Beastly Appendage |     7 |       |     4 |     1 ||    12
       Spider Form       |     1 |    15 |     9 |    13 ||    38
       Ice Form          |       |     1 |     8 |    10 ||    19
       Blade Hands       |       |       |       |    20 ||    20
       Sticks to Snakes  |       |       |       |     2 ||     2
       Confusing Touch   |       |       |       |     1 ||     1
Invok: Call Merchant     |       |       |     1 |     1 ||     2
       Potion Petition   |       |       |       |     1 ||     1
  Use: Scroll            |     4 |     3 |    10 |     5 ||    22
       Potion            |     1 |       |       |     1 ||     2
 Stab: Sleeping          |     1 |     2 |     6 |    11 ||    20
       Distracted        |       |       |     1 |     7 ||     8
       Invisible         |       |       |       |     1 ||     1
  Eat: Chunk             |     2 |     5 |       |     2 ||     9
       Ration            |       |     1 |     4 |     9 ||    14
Armor: Robe              |     7 |     8 |    11 |       ||    26
       Skin              |       |     3 |    12 |    28 ||    43
       Leather armour    |       |     3 |     8 |    91 ||   102
Dodge: Dodged            |    53 |   121 |   151 |   425 ||   750
Block: Buckler           |       |       |       |     1 ||     1

Table legend:
 A = Non-vault XP
 B = Vault XP
 C = Vault XP percentage of total XP
 D = Non-vault monster count
 E = Vault monster count
 F = Vault count percentage of total count
                 A         B        C        D         E       F
            +---------+---------+-------+---------+---------+-------
      Total |   16546 |    9066 |  35.4 |     270 |      76 |  22.0
            +---------+---------+-------+---------+---------+-------
        D:1 |      49 |       0 |   0.0 |      17 |       0 |   0.0
        D:2 |      59 |       0 |   0.0 |      23 |       0 |   0.0
        D:3 |     230 |      30 |  11.5 |      28 |       6 |  17.6
        D:4 |     231 |     330 |  58.8 |      11 |       5 |  31.2
        D:5 |     886 |     220 |  19.9 |      28 |       1 |   3.4
        D:6 |    1435 |    1462 |  50.5 |      31 |       7 |  18.4
        D:7 |     728 |     683 |  48.4 |      13 |       2 |  13.3
        D:8 |    3983 |     981 |  19.8 |      55 |       5 |   8.3
        D:9 |     650 |    1106 |  63.0 |      13 |      33 |  71.7
       D:10 |    4080 |    2745 |  40.2 |      37 |      14 |  27.5
     Lair:1 |    4215 |    1509 |  26.4 |      14 |       3 |  17.6
            +---------+---------+-------+---------+---------+-------
